 Dungeon Crawl Stone Soup version 0.28.0-1-gb440e238dd (webtiles) character file.

Game seed: 7935385051987120962

1842 Destapler the Lightning Rod (level 8, -1/64 HPs)
             Began as a Demonspawn Fighter on Feb 26, 2022.
             Was a Follower of Qazlal.
             Slain by a cyan ugly thing (16 damage)
             ... on level 7 of the Dungeon.
             The game lasted 00:21:50 (7903 turns).

Destapler the Lightning Rod (Demonspawn Fighter)    Turns: 7903, Time: 00:21:51

Health: -1/64      AC: 13    Str: 20    XL:     8   Next: 87%
Magic:  12/12      EV: 13    Int:  9    God:    Qazlal [*.....]
Gold:   479        SH: 11    Dex: 12    Spells: 7/7 levels left

rFire   + . .      SeeInvis .   a - +0 war axe
rCold   . . .      Faith    .   r - +0 kite shield
rNeg    . . .      Spirit   .   b - +0 scale mail
rPois   .          Reflect  .   (no helmet)
rElec   .          Harm     .   m - +0 cloak
rCorr   .          Rampage  .   w - +0 pair of gloves
Will    .....                   (no boots)
Stlth   ..........              (no amulet)
HPRegen 0.20/turn               C - +4 ring of evasion
MPRegen 0.13/turn               (no ring)

@: no status effects
A: hooves 1, molten scales 3, spiny 2
a: Renounce Religion


You were on level 7 of the Dungeon.
You worshipped Qazlal.
Qazlal was aware of your devotion.
You visited 2 branches of the dungeon, and saw 8 of its levels.

You collected 490 gold pieces.
You spent 11 gold pieces at shops.

Inventory:

Hand Weapons
 a - a +0 war axe (weapon)
 A - a +2 dagger of venom
Missiles
 l - 3 boomerangs (quivered)
Armour
 b - a +0 scale mail (worn)
 m - a +0 cloak (worn)
 r - a +0 kite shield (worn)
 w - a +0 pair of gloves (worn)
Jewellery
 C - a +4 ring of evasion (left hand)
Wands
 g - a wand of iceblast (7)
Scrolls
 c - a scroll of summoning {unknown}
 f - 2 scrolls of enchant armour {unknown}
 h - 4 scrolls of vulnerability {unknown}
 i - 2 scrolls of teleportation {unknown}
 p - 2 scrolls of fear {unknown}
 q - 2 scrolls of enchant weapon {unknown}
 s - a scroll of noise {unknown}
 t - a scroll of holy word {unknown}
 y - a scroll of brand weapon {unknown}
 z - 2 scrolls of amnesia {unknown}
 B - a scroll of blinking {unknown}
Potions
 d - a potion of lignification {unknown}
 e - a potion of cancellation {unknown}
 j - a potion of invisibility {unknown}
 k - 4 potions of flight
 n - 2 potions of magic
 o - 4 potions of curing
 v - a potion of ambrosia
 x - 2 potions of berserk rage {unknown}


   Skills:
 + Level 6.0 Fighting
 + Level 3.2 Axes
 + Level 3.0 Throwing
 + Level 4.0 Armour
 + Level 3.0 Dodging
 + Level 6.0 Shields
 + Level 6.0 Invocations
 + Level 0.4 Evocations


You had 7 spell levels left.
You didn't know any spells.
Your spell library contained the following spells:

 Spells                   Type           Power      Damage    Failure   Level
 Corpse Rot               Necr/Air       0%         N/A       99%         2
 Ensorcelled Hibernation  Hex/Ice        0%         N/A       99%         2
 Passwall                 Tmut/Erth      0%         N/A       99%         2
 Conjure Flame            Conj/Fire      0%         6-21      100%        3
 Ignite Poison            Fire/Tmut/Pois 0%         N/A       100%        3
 Inner Flame              Hex/Fire       0%         N/A       100%        3
 Swiftness                Air            0%         N/A       100%        3
 Cause Fear               Hex            0%         N/A       100%        4
 Dispel Undead            Necr           0%         3d6       100%        4
 Sticky Flame             Conj/Fire      0%         2d3       100%        4
 Death Channel            Necr           0%         N/A       100%        6
 Dragon Form              Tmut           0%         N/A       100%        7
 Discord                  Hex            0%         N/A       100%        8
 Dragon's Call            Summ           0%         N/A       100%        9


Dungeon Overview and Level Annotations

Branches:
Dungeon (7/15)             Temple (1/1) D:5

Altars:
Cheibriados
Dithmenos
Elyvilon
Fedhas
Hepliaklqana
Kikubaaqudgha
Makhleb
Qazlal
Ru
Sif Muna
Trog
Uskayaw
Vehumet
Xom
Yredelemnul
Zin
The Shining One
Jiyva

Shops:
D:4 !


Innate Abilities, Weirdness & Mutations

You have large cloven feet.
You are completely covered in molten scales. (AC +4, rF+)
You are mostly covered in sharp spines.


Message History

The cyan ugly thing is lightly wounded.
You hit the cyan ugly thing.
The cyan ugly thing is moderately wounded.
You block the cyan ugly thing's attack. x2
You closely miss the cyan ugly thing.
The cyan ugly thing is lightly wounded.
You block the cyan ugly thing's attack.
You hit the cyan ugly thing.
You kick the cyan ugly thing, but do no damage.
The cyan ugly thing is moderately wounded.
The cyan ugly thing is struck by your spines.
The cyan ugly thing headbutts you! The cyan ugly thing shocks you!
You block the cyan ugly thing's attack.
You hit the cyan ugly thing but do no damage.
Your kick misses the cyan ugly thing.
The cyan ugly thing is heavily wounded.
The cyan ugly thing is struck by your spines.
The cyan ugly thing headbutts you but does no damage.
You barely miss the cyan ugly thing.
You kick the cyan ugly thing, but do no damage.
The cyan ugly thing is heavily wounded.
The cyan ugly thing is struck by your spines.
The cyan ugly thing completely misses you.
You barely miss the cyan ugly thing.
You kick the cyan ugly thing, but do no damage.
The cyan ugly thing is heavily wounded.
The cyan ugly thing is struck by your spines.
The cyan ugly thing headbutts you but does no damage.
The cyan ugly thing is struck by your spines.
The cyan ugly thing headbutts you. The cyan ugly thing shocks you!
* * * LOW HITPOINT WARNING * * *
You closely miss the cyan ugly thing. You kick the cyan ugly thing.
The cyan ugly thing is almost dead.
You block the cyan ugly thing's attack.
You hit the cyan ugly thing.
The cyan ugly thing is almost dead.
The cyan ugly thing closely misses you. The cyan ugly thing headbutts you!
* * * LOW HITPOINT WARNING * * *
The cyan ugly thing shocks you!
You die...

#.#############
#.........(...#
#.###########.# #.#
#.# #.# #.# #.# ###
#.# ######.#
#.#####.# .......#
##....##.# .......#
#(...u@..# .......#
#.(##.#### .......#
#..##.# .......#
#..##.#
.......####..##.###
....>#.#..........#
............(##.#
.#####.#<)......#
.....#.#)#...####


You could see a cyan ugly thing (poisoned).

Vanquished Creatures
  2 sky beasts (D:5)
  2 black bears
  A centaur (D:7)
  A necrophage (D:7)
  5 ogres
  A bullfrog (D:6)
  A water moccasin skeleton (D:7)
  An electric eel (D:7)
  3 howler monkeys (D:7)
  2 bullfrog zombies
  An orc priest (D:3)
  A gnoll shaman (D:7)
  2 bullfrog skeletons
  2 iguanas
  Terence (D:2)
  2 orc wizards
  A scorpion zombie (D:5)
  A hound zombie (D:5)
  A howler monkey skeleton (D:4)
  8 gnolls
  4 adders
  2 shadow imps
  A white imp (D:6)
  2 adder skeletons
  3 worms
  2 dart slugs
  20 orcs
  6 ball pythons
  6 endoplasms
  6 giant cockroaches
  3 goblins
  3 hobgoblins
  4 jackals (D:3)
  9 kobolds
  3 quokkas
  11 bats
  15 rats
  A butterfly (D:5)
140 creatures vanquished.

Vanquished Creatures (others)
  31 plants
31 creatures vanquished.

Grand Total: 171 creatures vanquished

Notes
Turn   | Place    | Note
-------+----------+-------------------------------------------
     0 | D:1      | Destapler the Demonspawn Fighter began the quest for the
                  | Orb.
     0 | D:1      | Reached XP level 1. HP: 18/18 MP: 1/1
   342 | D:1      | Gained mutation: You are partially covered in molten
                  | scales. (AC +2) [demonic ancestry]
   342 | D:1      | Reached XP level 2. HP: 24/24 MP: 2/2
   421 | D:1      | Reached skill level 1 in Invocations
   625 | D:1      | Found a faded altar of an unknown god.
   963 | D:1      | You fall into a shaft and drop 1 floor!
  1299 | D:2      | Gained mutation: You are partially covered in sharp spines.
                  | [demonic ancestry]
  1299 | D:2      | Reached XP level 3. HP: 25/29 MP: 2/4
  1485 | D:2      | Noticed Terence
  1494 | D:2      | Killed Terence
  2009 | D:3      | Gained mutation: You are mostly covered in molten scales.
                  | (AC +3) [demonic ancestry]
  2009 | D:3      | Reached XP level 4. HP: 30/35 MP: 5/5
  2369 | D:3      | Found a sacrificial altar of Ru.
  2673 | D:3      | Gained mutation: You are completely covered in molten
                  | scales. (AC +4, rF+) [demonic ancestry]
  2673 | D:3      | Reached XP level 5. HP: 40/40 MP: 5/7
  3126 | D:4      | Found a hazy altar of Hepliaklqana.
  3259 | D:4      | Noticed an ogre
  3436 | D:4      | Killed an ogre
  3437 | D:4      | Reached XP level 6. HP: 48/48 MP: 7/9
  3575 | D:4      | Found a shimmering blue altar of Sif Muna.
  3636 | D:4      | Reached skill level 1 in Throwing
  3829 | D:4      | Found Ziceim's Distillery.
  3845 | D:4      | Bought a potion of degeneration for 11 gold pieces
  4427 | D:5      | Entered Level 5 of the Dungeon
  4646 | D:5      | Reached skill level 1 in Dodging
  4728 | D:5      | Found a staircase to the Ecumenical Temple.
  4738 | Temple   | Entered the Ecumenical Temple
  4751 | Temple   | Became a worshipper of Qazlal Stormbringer
  4853 | D:5      | Gained mutation: You have large cloven feet. [demonic
                  | ancestry]
  4853 | D:5      | Reached XP level 7. HP: 43/55 MP: 10/10
  5300 | D:4      | Reached skill level 5 in Invocations
  5521 | D:5      | Reached skill level 5 in Fighting
  5845 | D:5      | Gained mutation: You are mostly covered in sharp spines.
                  | [demonic ancestry]
  5845 | D:5      | Reached XP level 8. HP: 46/62 MP: 10/12
  6097 | D:6      | Found a shadowy altar of Dithmenos.
  6460 | D:6      | Found a basalt altar of Yredelemnul.
  6462 | D:6      | Found a sacrificial altar of Ru.
  6462 | D:6      | Found a shimmering blue altar of Sif Muna.
  6464 | D:6      | Found a burning altar of Makhleb.
  6464 | D:6      | Found a shimmering altar of Xom.
  6464 | D:6      | Found a bloodstained altar of Trog.
  6897 | D:7      | Reached skill level 5 in Shields
  6898 | D:7      | Reached * piety under Qazlal
  7326 | D:7      | Noticed a cyan ugly thing
  7903 | D:7      | Slain by a cyan ugly thing

Illustrated notes

Levels and vault maps discovered:
D:1:      dpeg_arrival_water_fire, layout_loops_ring, serial_bayou,
          serial_bayou_shore_b, serial_bayou_lagoon_b, serial_bayou_shore_a,
          serial_bayou_lagoon_a, shapermc_ecumenical_altar_ellora, minivault_19,
          minmay_rat_gold_closets
D:2:      layout_rooms, minmay_misc_feat_diagonals, uniq_terence
D:3:      layout_rooms, nicolae_ru_great_annihilating_truth,
          kennysheep_cluttered_room
D:4:      layout_basic, mainiacjoe_overflow_catwalk_spiral,
          kennysheep_small_circle
D:5:      layout_rooms, nicolae_tso_carved_into_rock,
          minmay_temple_entry_butterflies, minmay_joined_circles
D:6:      layout_gridville, doesnt_xom_only_xom, grunt_dithmenos_shadows
D:7:      layout_basic, serial_shops, shop, minmay_misc_feat_cross,
          serial_bayou_ford_a, grunt_decor_one_mirror,
          chequers_serial_rivers_micro_d, uniq_duvessa
Temple:   pf_slimified_temple

Skill      XL: |  1  2  3  4  5  6  7  8 |
---------------+-------------------------+-----
Axes           | 2 3 |  3.2
Invocations    | 1 2 4 5 6 |  6.0
Armour         | 3 4 |  4.0
Shields        | 3 4 6 |  6.0
Fighting       | 4 5 6 |  6.0
Throwing       | 1 2 3 |  3.0
Dodging        | 1 2 3 |  3.0
Evocations     | |  0.4

Action                   |  1- 3 |  4- 6 |  7- 9 || total
-------------------------+-------+-------+-------++-------
Melee: War axe           |   111 |   133 |   116 ||   360
       Kick              |       |       |    34 ||    34
Throw: Throwing net      |       |     3 |       ||     3
       Dart              |       |       |     6 ||     6
       Boomerang         |       |       |     2 ||     2
  Use: Potion            |     1 |       |       ||     1
       Scroll            |       |       |     4 ||     4
 Stab: Paralysed         |       |     1 |       ||     1
Armor: Scale mail        |    41 |    77 |    53 ||   171
Dodge: Dodged            |    51 |    64 |    43 ||   158
Block: Buckler           |    25 |    33 |       ||    58
       Kite shield       |       |    16 |    51 ||    67
